 Dungeon Crawl Stone Soup version 0.32-a0-473-gd044c6f0f0 (webtiles) character file.

Game seed: 13791360490381866043

547 BubbleThief the Ruffian (level 7, 0/49 HPs)
             Began as an Octopode Shapeshifter on Feb 25, 2024.
             Slain by a black bear (2 damage)
             ... on level 5 of the Dungeon.
             The game lasted 00:04:06 (3271 turns).

BubbleThief the Ruffian (Octopode Shapeshifter)     Turns: 3271, Time: 00:04:07

Health: 0/49       AC:  1    Str: 15    XL:     7   Next: 28%
Magic:  7/7        EV: 13    Int: 11    God:
Gold:   257        SH:  0    Dex: 11    Spells: 6/6 levels left

rFire   . .          .
                       - Unarmed
rCold   . . .        (no shield)
rNeg    . . .        (helmet currently unavailable)
rPois   .            (no amulet)
rElec   .            (no ring)
rCorr   .            (no ring)
SInv    .            (no ring)
Will    +....        (no ring)
Stlth   ++           (no ring)
HPRegen 0.28/turn    (no ring)
MPRegen 0.10/turn    (no ring)
                     (no ring)

%: no passive effects
@: beast-form, invisible
A: beast (slay +2), almost no armour, amphibious, 8 rings, camouflage 1,
gelatinous body 1, (nimble swimmer 1), tentacles, dopey 1, strong-willed 1,
MP-powered wands
a: Begin Untransformation


You were on level 5 of the Dungeon.
You were a hulking beast.
You visited 1 branch of the dungeon, and saw 5 of its levels.

You collected 257 gold pieces.

Inventory:

Talismans
 b - a beast talisman (active)
 c - a flux talisman
Scrolls
 d - a scroll of torment {unknown}
 f - 2 scrolls of poison {unknown}
 j - 2 scrolls of identify {unknown}
 k - 2 scrolls of immolation {unknown}
 l - 2 scrolls of fog {unknown}
 m - 3 scrolls of teleportation {unknown}
 n - a scroll of acquirement {unknown}
 p - a scroll of vulnerability {unknown}
 r - 2 scrolls of enchant armour {unknown}
 s - a scroll of brand weapon {unknown}
 t - a scroll of blinking {unknown}
Potions
 a - a potion of lignification
 e - 2 potions of invisibility
 g - a potion of heal wounds {unknown}
 h - a potion of cancellation {unknown}
 i - a potion of haste {unknown}
 o - a potion of curing {unknown}
 q - 2 potions of enlightenment {unknown}


   Skills:
 + Level 4.4 Fighting
 - Level 2.0 Dodging
 + Level 5.2 Unarmed Combat
 + Level 4.9 Shapeshifting


You had 6 spell levels left.
You didn't know any spells.
Your spell library contained the following spells:

 Spells                   Type           Power      Damage    Failure   Level
 Summon Ice Beast         Ice/Summ       0%         N/A       71%         3
 Summon Mana Viper        Hex/Summ       0%         N/A       100%        5
 Monstrous Menagerie      Summ           0%         N/A       100%        7


Dungeon Overview and Level Annotations

Branches:
Dungeon (5/15)
 Temple: D:4-7

Altars:
Zin

Shops:
D:1 (   D:2 [   D:3 =


Innate Abilities, Weirdness & Mutations

You are a hulking beast.
Your limbs bulge with bestial killing power. (Slay +2)
You cannot wear most types of armour.
You are amphibious.
You can wear up to eight rings at the same time.
Your skin changes colour to match your surroundings (Stealth+).
Your rubbery body absorbs attacks. (AC +1, EV +1)
((You are camouflaged when in or above water. (Stealth+)))
You have tentacles for arms and can constrict up to eight enemies at once.
You are dopey. (Int -2)
You are strong-willed. (Will+)
You expend magic power (3 MP) to strengthen your wands.


Message History

The black bear claws you. x2
Unknown command.
You are too injured to fight recklessly!
Unknown command.
You bludgeon the phantom!
You destroy the phantom!
The black bear completely misses you. The black bear misses you.
The black bear barely misses you.
Unknown command.
The black bear attacks as it pursues you!
The black bear completely misses you. The black bear claws you.
* * * LOW HITPOINT WARNING * * *
The black bear claws you.
* * * LOW HITPOINT WARNING * * *
You fade into invisibility!
The black bear closely misses you. The black bear barely misses you.
The black bear misses you. The iguana closely misses you.
Unknown command.
You closely miss the iguana. Your grab misses the iguana.
You squeeze the iguana.
The iguana is lightly wounded.
The iguana barely misses you. The black bear barely misses you. x3
Unknown command.
You tentacle-slap the iguana. You grab the iguana. You squeeze the iguana!
The iguana is almost dead.
You constrict the iguana, but do no damage.
An orc comes into view. It is wielding a +0 flail.
The black bear closely misses you. The black bear claws you.
* * * LOW HITPOINT WARNING * * *
The black bear claws you.
* * * LOW HITPOINT WARNING * * *
The iguana completely misses you.
The orc shouts!
You tentacle-slap the iguana.
You kill the iguana!
You hear a shout!
The black bear completely misses you. The black bear claws you.
* * * LOW HITPOINT WARNING * * *
The black bear claws you.
You die...

#.......###..#
###########..#
#.....#
#.....# .
#.....# ...
#.....#.....
#.o..o'.....
#oh####.....
###h†.....o.
#.........
#........
#........
#........
#........
#........
###+#....


You could see a black bear (unable to see you) and 3 orcs.

Vanquished Creatures
  Grinder (D:4)
  Edmund (D:4)
  A phantom (D:5)
  A bombardier beetle (D:3)
  An orc priest (D:4)
  An iguana (D:5)
  An adder (D:4)
  3 dart slugs
  A ribbon worm (D:4)
  2 orcs (D:4)
  4 bats
  6 endoplasms
  6 giant cockroaches
  10 hobgoblins
  3 jackals (D:1)
  3 quokkas (D:2)
  8 ball pythons
  7 frilled lizards
  6 goblins
  9 kobolds
  10 rats
85 creatures vanquished.

Notes
Turn   | Place    | Note
-------+----------+-------------------------------------------
     0 | D:1      | BubbleThief the Octopode Shapeshifter began the quest for
                  | the Orb.
     0 | D:1      | Reached XP level 1. HP: 13/13 MP: 1/1
   177 | D:1      | Found Ynliug's Weapon Boutique.
   184 | D:1      | Reached XP level 2. HP: 18/18 MP: 2/2
   460 | D:1      | Reached XP level 3. HP: 24/24 MP: 3/3
   955 | D:2      | Found Dufurr's Antique Armour Shop.
  1181 | D:2      | Found a faded altar of an unknown god.
  1382 | D:2      | Reached XP level 4. HP: 30/30 MP: 4/4
  1723 | D:3      | Found Kocit's Jewellery Emporium.
  2212 | D:4      | Noticed Edmund
  2221 | D:4      | Killed Edmund
  2222 | D:4      | Reached skill level 4 in Unarmed Combat
  2222 | D:4      | Reached XP level 5. HP: 3/36 MP: 5/5
  2222 | D:4      | Reached XP level 6. HP: 3/42 MP: 6/6
  2490 | D:4      | Found a glowing silver altar of Zin.
  2819 | D:4      | Noticed Grinder
  2823 | D:4      | Gained mutation: You are strong-willed. (Will+) [potion of
                  | mutation]
  2823 | D:4      | Gained mutation: You are dopey. (Int -2) [potion of
                  | mutation]
  2823 | D:4      | Gained mutation: You expend magic power (3 MP) to
                  | strengthen your wands. [potion of mutation]
  2834 | D:4      | Killed Grinder
  2835 | D:4      | Reached skill level 5 in Unarmed Combat
  2835 | D:4      | Reached XP level 7. HP: 32/48 MP: 7/7
  3215 | D:5      | Entered Level 5 of the Dungeon
  3271 | D:5      | HP: 2/49 [black bear (5)]
  3271 | D:5      | Slain by a black bear

Illustrated notes

Levels and vault maps discovered:
D:1:      spicycebolla_arrival_clurvy, layout_loops_corners, serial_shops, shop
D:2:      layout_basic, serial_shops, nicolae_shop_tiny_glass,
          shapermc_ecumenical_altar_petra
D:3:      layout_basic, serial_shops, shop, minmay_misc_feat_diagonals,
          chequers_hall_statues_wall_a
D:4:      layout_basic, mainiacjoe_overflow_cross_hatched, portal_sewer_entry_a,
          uniq_grinder, uniq_edmund
D:5:      layout_gridville, nicolae_qazlal_general_emergency,
          mainiacjoe_overflow_surrounded_room, uniq_pikel

Skill      XL: |  1  2  3  4  5  6 |
---------------+-------------------+-----
Fighting       | 2 3 4 |  4.4
Unarmed Combat | 4 5 |  5.2
Shapeshifting  | 4 |  4.9
Dodging        | |  2.0

Action                     |  1- 3 |  4- 6 |  7- 9 || total
---------------------------+-------+-------+-------++-------
  Melee: Unarmed           |    85 |    58 |    24 ||   167
         Constrict         |    20 |    15 |     5 ||    40
         Tentacles         |    18 |    10 |     5 ||    33
         Punch             |     1 |     3 |       ||     4
    Use: Potion            |       |     2 |     1 ||     3
   Stab: Sleeping          |    11 |     4 |     1 ||    16
         Invisible         |       |     2 |       ||     2
 Armour: Skin              |    28 |    14 |    21 ||    63
  Dodge: Dodged            |    36 |    20 |    32 ||    88

Table legend: (Time is in decaauts)
 A = Elapsed time spent in this place.
 B = Non-inter-level travel time spent in this place.
 C = Inter-level travel time spent in this place.
 D = Time resting spent in this place.
 E = Time spent auto-exploring this place.
 F = Levels seen in this place.
 G = Mean time per level.
                   A        B        C        D        E       F      G
               +--------+--------+--------+--------+--------+-----+--------+
         Total |   3259 |   3179 |     80 |      0 |   2660 |   5 |  651.8 |
       Dungeon |   3259 |   3179 |     80 |      0 |   2660 |   5 |  651.8 |
               +--------+--------+--------+--------+--------+-----+--------+

Top non-repeatable levels by time:
     D:4: 1008 daAuts
     D:1: 897 daAuts
     D:2: 721 daAuts
     D:3: 576 daAuts
     D:5: 54 daAuts
